 Seeded DCSS version 0.31-a0-4-gefa6de2278 (webtiles) character file.

Game seed: 9909445277333701623 (custom seed)

455 Pimp the Covered (level 6, -1/55 HPs)
             Began as an Armataur Fighter on May 3, 2023.
             Slain by a hobgoblin (4 damage)
             ... on level 4 of the Dungeon.
             The game lasted 00:06:31 (3141 turns).

Pimp the Covered (Armataur Fighter)                 Turns: 3141, Time: 00:06:33

Health: -1/55      AC: 12    Str: 21    XL:     6   Next: 76%
Magic:  6/6        EV:  5    Int:  9    God:
Gold:   155        SH:  0    Dex: 11    Spells: 5/5 levels left

rFire   . . .        a - +0 flail
rCold   . . .        c - +0 buckler
rNeg    . . .        b - +0 scale mail
rPois   .            s - +0 hat
rElec   .            (no cloak)
rCorr   .            (no gloves)
SInv    .            h - +0 barding
Will    +....        e - amulet of reflection Stlth
                     g - ring of willpower
HPRegen 0.29/turn    n - ring of flight
MPRegen 0.10/turn

%: reflection, roll
@: confused, ambrosia-drunk, flying
A: large, rugged brown scales 3, deformed body, armoured tail, roll, long
tongue, awkward tongue
a: no special abilities


You were on level 4 of the Dungeon.
You visited 1 branch of the dungeon, and saw 4 of its levels.

You collected 155 gold pieces.

Inventory:

Hand Weapons
 a - a +0 flail (weapon)
Armour
 b - a +0 scale mail (worn)
 c - a +0 buckler (worn)
 h - a +0 barding (worn)
 s - a +0 hat (worn)
Jewellery
 e - an amulet of reflection (around neck)
 g - a ring of willpower (left hand)
 n - a ring of flight (right hand)
Wands
 t - a wand of mindburst (14)
Scrolls
 l - a scroll of teleportation {unknown}
 q - a scroll of identify
 r - a scroll of enchant armour {unknown}
Potions
 d - a potion of might
 f - 2 potions of magic {unknown}
 i - 2 potions of cancellation {unknown}
 j - a potion of ambrosia
 k - a potion of mutation {unknown}
 m - a potion of attraction {unknown}
 o - a potion of heal wounds {unknown}
 p - a potion of haste {unknown}


   Skills:
 + Level 4.2 Fighting
 + Level 3.6 Maces & Flails
 + Level 5.5 Armour
 + Level 5.0 Shields


You had 5 spell levels left.
You didn't know any spells.
Your spell library contained the following spells:

 Spells                   Type           Power      Damage    Failure   Level
 Sublimation of Blood     Necr           0%         N/A       88%         2
 Inner Flame              Hex/Fire       0%         N/A       98%         3
 Dispel Undead            Necr           0%         3d6       100%        4
 Flame Wave               Conj/Fire      0%         2d4       100%        4
 Sticky Flame             Conj/Fire      0%         2d3       100%        4
 Necromutation            Tmut/Necr      0%         N/A       100%        8


Dungeon Overview and Level Annotations

Branches:
Dungeon (4/15)
 Temple: D:4-7

Altars:


Innate Abilities, Weirdness & Mutations

You are completely covered in rugged brown scales. (AC +3, +7% HP)
Armour fits poorly on your strangely shaped body.
You have a long armoured tail.
You roll when moving toward enemies. (Rampage)
Your long tongue fully drains potion bottles. (2x potion effects)
Your tongue gives you trouble enunciating. (1.5x scroll delay)


Message History

You block the hobgoblin's attack.
You hit the hobgoblin.
The hobgoblin is moderately wounded.
You block the hobgoblin's attack. You block the ogre's attack.
You barely miss the ogre.
Your tail-slap misses the ogre.
The hobgoblin hits you.
You thump the ogre!
The ogre is moderately wounded.
The ogre hits you with a +0 giant club! You block the hobgoblin's attack.
The hobgoblin hits you but does no damage.
You hit the ogre but do no damage.
The ogre is moderately wounded.
The ogre hits you with a +0 giant club! The hobgoblin hits you.
You sock the ogre!
The ogre is heavily wounded.
The ogre hits you with a +0 giant club!
* * * LOW HITPOINT WARNING * * *
The hobgoblin hits you but does no damage.
You sock the ogre!
The ogre is almost dead.
The hobgoblin hits you but does no damage.
You block the ogre's attack.
You closely miss the ogre.
The ogre is almost dead.
You block the hobgoblin's attack.
You hit the ogre but do no damage.
The ogre is almost dead.
The ogre hits you with a +0 giant club!
* * * LOW HITPOINT WARNING * * *
The hobgoblin hits you.
* * * LOW HITPOINT WARNING * * *
The hobgoblin barely misses you.
You are too injured to fight recklessly!
You are confused.
You feel invigorated.
You slurp down every last drop of the potion of ambrosia!
The ogre hits you with a +0 giant club!
* * * LOW HITPOINT WARNING * * *
The hobgoblin hits you.
You die...

#....# #
#....# #
#....# #
#....#
#....####
##...?..#
#......#
+......#
#####..@...#
.......gO...#
#...........#
#...........#
#...........#
#...........#
#############


You could see an ogre and a hobgoblin.

Vanquished Creatures
  A black bear (D:3)
  2 hounds
  Jessica (D:3)
  Terence (D:3)
  A sleepcap (D:3)
  9 adders
  3 gnolls (D:2)
  2 dart slugs (D:3)
  4 worms
  7 orcs (D:3)
  3 ball pythons (D:1)
  4 endoplasms
  3 giant cockroaches
  7 goblins
  11 hobgoblins
  10 jackals
  2 quokkas (D:3)
  8 bats
  2 frilled lizards (D:3)
  5 kobolds
  7 rats
93 creatures vanquished.

Notes
Turn   | Place    | Note
-------+----------+-------------------------------------------
     0 | D:1      | Pimp the Armataur Fighter began the quest for the Orb.
     0 | D:1      | Reached XP level 1. HP: 19/19 MP: 1/1
    85 | D:1      | Identified a scroll of acquirement
    85 | D:1      | Acquired an amulet of reflection
   173 | D:1      | Reached XP level 2. HP: 22/26 MP: 2/2
   548 | D:1      | Reached XP level 3. HP: 32/33 MP: 3/3
   738 | D:2      | Reached XP level 4. HP: 15/40 MP: 4/4
  1163 | D:2      | Found a faded altar of an unknown god.
  1536 | D:3      | Reached XP level 5. HP: 42/48 MP: 5/5
  1884 | D:3      | Noticed a black bear
  1893 | D:3      | Killed a black bear
  1894 | D:3      | Reached skill level 5 in Armour
  1894 | D:3      | Reached XP level 6. HP: 28/55 MP: 6/6
  2164 | D:3      | Noticed Jessica
  2166 | D:3      | Killed Jessica
  2314 | D:3      | Noticed Terence
  2320 | D:3      | Killed Terence
  2741 | D:4      | Reached skill level 5 in Shields
  2827 | D:4      | Got the Grimoire of the Damned
  3141 | D:4      | Slain by a hobgoblin

Illustrated notes

Levels and vault maps discovered:
D:1:      psy_arrival_radial01, layout_rooms, chequers_hall_statues_wall_a,
          supply_closet_lemuel
D:2:      layout_basic, hellmonk_ecumenical_altar_arch_garden
D:3:      minmay_angry_zag, layout_basic, st_stairs_13, hellmonk_no_cap,
          uniq_jessica, uniq_terence
D:4:      layout_gridville, pdpol_temple_overflow_zin_treasury_gozag_greed,
          nrook_campfire

Skill      XL: |  1  2  3  4  5  6 |
---------------+-------------------+-----
Maces & Flails | 2 3 |  3.6
Fighting       | 3 4 |  4.2
Armour         | 4 5 |  5.5
Shields        | 4 5 |  5.0

Action                     |  1- 3 |  4- 6 || total
---------------------------+-------+-------++-------
  Melee: Flail             |   104 |   220 ||   324
         Tailslap          |     8 |    24 ||    32
    Use: Scroll            |     1 |     3 ||     4
         Potion            |       |     1 ||     1
 Armour: Scale mail        |    66 |   123 ||   189
  Dodge: Dodged            |    45 |    65 ||   110
  Block: Buckler           |    71 |   146 ||   217
         Reflection        |       |     1 ||     1

Table legend: (Time is in decaauts)
 A = Elapsed time spent in this place.
 B = Non-inter-level travel time spent in this place.
 C = Inter-level travel time spent in this place.
 D = Time resting spent in this place.
 E = Time spent auto-exploring this place.
 F = Levels seen in this place.
 G = Mean time per level.
                   A        B        C        D        E       F      G
               +--------+--------+--------+--------+--------+-----+--------+
         Total |   3236 |   3079 |    157 |    182 |   2122 |   4 |  809.0 |
       Dungeon |   3236 |   3079 |    157 |    182 |   2122 |   4 |  809.0 |
               +--------+--------+--------+--------+--------+-----+--------+

Top non-repeatable levels by time:
     D:3: 1245 daAuts
     D:2: 853 daAuts
     D:1: 712 daAuts
     D:4: 425 daAuts
